 Dungeon Crawl Stone Soup version 0.30-a0-347-gf58ed5266c (webtiles) character file.

Game seed: 2759112339417243042

13 Lanoc the Grasshopper (level 2, -2/25 HPs)
             Began as a Draconian Warper on Nov 6, 2022.
             Slain by a kobold
             ... wielding a +0 whip
              (5 damage)
             ... on level 1 of the Dungeon.
             The game lasted 00:00:37 (375 turns).

Lanoc the Grasshopper (Draconian Warper)             Turns: 375, Time: 00:00:38

Health: -2/25      AC:  4    Str: 13    XL:     2   Next: 24%
Magic:  5/5        EV: 12    Int: 13    God:
Gold:   56         SH:  0    Dex: 10    Spells: 5/5 levels left

rFire   . . .      SeeInvis .    a - +0 mace
rCold   . . .      Faith    .    (no shield)
rNeg    . . .      Spirit   .    (body armour unavailable)
rPois   .          Reflect  .    (helmet restricted)
rElec   .          Harm     .    (no cloak)
rCorr   .          Rampage  .    (no gloves)
Will    .....                    (no boots)
Stlth   +.........               (no amulet)
HPRegen 0.24/turn                (no ring)
MPRegen 0.09/turn                (no ring)

@: no status effects
A: AC +4, unfitting armour, cold-blooded
a: no special abilities


You were on level 1 of the Dungeon.
You visited 1 branch of the dungeon, and saw 1 of its levels.

You collected 56 gold pieces.

Inventory:

Hand Weapons
 a - a +0 mace (weapon)
Missiles
 c - 7 boomerangs of dispersal (quivered)
Scrolls
 b - a scroll of blinking
 d - a scroll of identify {unknown}
 f - a scroll of fear {unknown}
 g - a scroll of torment {unknown}
 h - a scroll of teleportation {unknown}
Potions
 e - a potion of curing {unknown}


   Skills:
 + Level 2.4 Fighting
 + Level 2.2 Maces & Flails
 - Level 0.8 Throwing
 + Level 2.3 Dodging
 - Level 2.0 Spellcasting
 * Level 3.3 Translocations


You had 5 spell levels left.
You didn't know any spells.
Your spell library contained the following spells:

 Spells                   Type           Power      Damage    Failure   Level
 Blink                    Tloc           18%        N/A       10%         2
 Lesser Beckoning         Tloc           18%        N/A       21%         3
 Teleport Other           Tloc           9%         N/A       21%         3
 Magic Dart               Conj           4%         1d3       26%         1
 Call Imp                 Summ           1%         N/A       36%         2
 Ensorcelled Hibernation  Hex/Ice        2%         N/A       36%         2
 Passwall                 Tmut/Erth      0%         N/A       36%         2
 Vhi's Electric Charge    Tloc/Air       10%        N/A       36%         3
 Manifold Assault         Tloc           9%         N/A       54%         4
 Mephitic Cloud           Conj/Pois/Air  1%         N/A       58%         3
 Swiftness                Air            1%         N/A       58%         3


Dungeon Overview and Level Annotations

Branches:
Dungeon (1/15)

Altars:


Innate Abilities, Weirdness & Mutations

Your plain brown scales are hard. (AC +4)
You cannot fit into any form of body armour.
You are cold-blooded and may be slowed by cold attacks.


Message History

The kobold hits you but does no damage.
You hit the kobold.
You kill the kobold!
The kobold hits the bush with a +0 club.
The kobold barely misses you.
You closely miss the kobold. You tail-slap the kobold.
You kill the kobold!
The kobold closely misses you.
The frilled lizard bites the bush but does no damage.
The kobold hits you with a +0 whip. The kobold hits you with a +0 club.
You barely miss the kobold.
The kobold is moderately wounded.
The frilled lizard bites the bush but does no damage.
The kobold hits you but does no damage. x2
You barely miss the kobold.
The kobold is moderately wounded.
The frilled lizard bites the bush.
The kobold hits you with a +0 club.
* * * LOW HITPOINT WARNING * * *
The kobold hits you with a +0 whip.
* * * LOW HITPOINT WARNING * * *
You hit the kobold but do no damage.
The kobold is moderately wounded.
The kobold hits you but does no damage.
The frilled lizard bites the bush but does no damage.
The kobold barely misses you.
The frilled lizard bites the bush.
The kobold closely misses you. x2
You closely miss the kobold.
The kobold is moderately wounded.
The frilled lizard bites the bush but does no damage.
The kobold hits you with a +0 club.
* * * LOW HITPOINT WARNING * * *
The kobold misses you.
You closely miss the kobold.
The kobold is moderately wounded.
The frilled lizard bites the bush but does no damage.
The kobold barely misses you. The kobold hits you but does no damage.
You hit the kobold.
You kill the kobold!
The kobold hits you with a +0 whip.
You die...

.## ####.#..#.##.##. #
#....#.##.##⌠
###....#....###
#...........# ♣#♣
#...........# P... #P
#....#...#### .....#P
#....#.#.#
.......#######...#.# .
..§...l)@#####.###.. .
......P#K......####.# .
.....PP####.......#.##.#.
# #.~. ## #...###.#....#.
### ##♣ #..............
..# ########'####........
..# #......#.............
..#####.
#......#.#####.#...#.
........# #......'.#
#.......


You could see a kobold and a frilled lizard.

Vanquished Creatures
  A bat (D:1)
  An endoplasm (D:1)
  2 goblins (D:1)
  2 hobgoblins (D:1)
  4 kobolds (D:1)
  A quokka (D:1)
11 creatures vanquished.

Vanquished Creatures (others)
  6 plants (D:1)
6 creatures vanquished.

Grand Total: 17 creatures vanquished

Notes
Turn   | Place    | Note
-------+----------+-------------------------------------------
     0 | D:1      | Lanoc the Draconian Warper began the quest for the Orb.
     0 | D:1      | Reached XP level 1. HP: 17/17 MP: 3/3
   255 | D:1      | Reached XP level 2. HP: 24/25 MP: 5/5
   375 | D:1      | Slain by a kobold

Illustrated notes

Levels and vault maps discovered:
D:1:      amcnicky_arrival_gap_in_the_tavern_cellar, layout_basic,
          hangedman_decor_slide_cut, lexackson_kobold_supper

Action                   || total
-------------------------++-------
Melee: Mace              ||    30
       Tailslap          ||     1
Armor: Skin              ||    15
Dodge: Dodged            ||    26

Table legend: (Time is in decaauts)
 A = Elapsed time spent in this place.
 B = Non-inter-level travel time spent in this place.
 C = Inter-level travel time spent in this place.
 D = Time resting spent in this place.
 E = Time spent auto-exploring this place.
 F = Levels seen in this place.
 G = Mean time per level.
                   A        B        C        D        E       F      G
               +--------+--------+--------+--------+--------+-----+--------+
         Total |    383 |    383 |      0 |      0 |    310 |   1 |  383.0 |
       Dungeon |    383 |    383 |      0 |      0 |    310 |   1 |  383.0 |
               +--------+--------+--------+--------+--------+-----+--------+

Top non-repeatable levels by time:
     D:1: 383 daAuts
